 Dungeon Crawl Stone Soup version 0.28-a0-1286-g6bde065e89 (webtiles) character file.

Game seed: 1327627814875597868

646 pokeman the Magician (level 7, -6/38 HPs)
             Began as a Deep Elf Hedge Wizard on Dec 25, 2021.
             Was a Follower of Vehumet.
             Engulfed by a cloud of flame (13 damage)
             ... on level 5 of the Dungeon on Dec 26, 2021.
             The game lasted 00:11:34 (6313 turns).

pokeman the Magician (Deep Elf Hedge Wizard)        Turns: 6313, Time: 00:11:35

Health: -6/38      AC:  4    Str:  7    XL:     7   Next: 27%
Magic:  11/20      EV: 12    Int: 21    God:    Vehumet [*.....]
Gold:   266        SH:  0    Dex: 14    Spells: 8/21 levels left

rFire   + . .      SeeInvis .   u - +2 war axe (drain)
rCold   + . .      Faith    .   (no shield)
rNeg    . . .      Spirit   .   l - +0 leather armour
rPois   .          Reflect  .   c - +0 hat
rElec   .          Harm     .   b - scarf {rC+ rF+}
rCorr   .          Rampage  .   (no gloves)
Will    .....                   n - +0 pair of boots
Stlth   +.........              (no amulet)
HPRegen 0.12/turn               z - ring of wizardry
MPRegen 0.17/turn               (no ring)

@: confused, wereblooded
A: no striking features
a: Renounce Religion


You were on level 5 of the Dungeon.
You worshipped Vehumet.
Vehumet was aware of your devotion.
You visited 1 branch of the dungeon, and saw 5 of its levels.

You collected 266 gold pieces.

Inventory:

Hand Weapons
 u - a +2 war axe of draining (weapon)
Missiles
 q - 62 bolts
 w - 18 arrows
Armour
 b - a scarf of resistance (worn)
 c - a +0 hat (worn)
 j - a +0 buckler
 l - a +0 leather armour (worn)
 n - a +0 pair of boots (worn)
 s - a +2 kite shield of positive energy
Jewellery
 r - an amulet of faith
 z - a ring of wizardry (left hand)
Wands
 t - a wand of polymorph (2)
 y - a wand of flame (12)
 B - a wand of acid (7)
Scrolls
 a - 3 scrolls of teleportation {unknown}
 e - 5 scrolls of identify {unknown}
 f - a scroll of enchant armour {unknown}
 g - a scroll of enchant weapon {unknown}
 h - a scroll of amnesia {unknown}
 i - a scroll of acquirement {unknown}
 o - 2 scrolls of fear {unknown}
 p - a scroll of magic mapping {unknown}
 A - a scroll of immolation {unknown}
Potions
 d - a potion of berserk rage {unknown}
 k - 2 potions of curing {unknown}
 m - a potion of haste {unknown}
 v - a potion of might {unknown}
 x - 2 potions of brilliance {unknown}


   Skills:
 + Level 1.4 Fighting
 - Level 1.1 Armour
 - Level 3.0 Dodging
 - Level 3.0 Stealth
 - Level 1.1 Shields
 * Level 7.8 Spellcasting
 + Level 3.9 Conjurations
 - Level 1.1 Summonings
 - Level 1.1 Translocations
 + Level 1.0 Transmutations
 + Level 1.6 Fire Magic
 - Level 1.0 Air Magic
 - Level 1.0 Poison Magic
 - Level 1.0 Evocations


You had 8 spell levels left.
You knew the following spells:

 Your Spells              Type           Power      Damage    Failure   Level
a - Magic Dart            Conj           96%        1d7       1%          1
b - Mephitic Cloud        Conj/Pois/Air  16%        N/A       6%          3
c - Call Imp              Summ           12%        N/A       4%          2
d - Blink                 Tloc           24%        N/A       4%          2
e - Conjure Flame         Conj/Fire      20%        6-21      4%          3
f - Wereblood             Tmut           12%        N/A       4%          2

Your spell library contained the following spells:

 Spells                   Type           Power      Damage    Failure   Level
 Freeze                   Ice            32%        1d5       4%          1
 Slow                     Hex            32%        N/A       4%          1
 Passwall                 Tmut/Erth      8%         N/A       6%          2
 Dazzling Flash           Conj/Hex       32%        N/A       6%          3
 Sublimation of Blood     Necr           8%         N/A       8%          2
 Swiftness                Air            12%        N/A       10%         3
 Ozocubu's Armour         Ice            8%         N/A       14%         3
 Silence                  Hex/Air        5%         N/A       69%         5
 Agony                    Necr           8%         N/A       75%         5
 Metabolic Englaciation   Hex/Ice        4%         N/A       75%         5
 Simulacrum               Ice/Necr       4%         N/A       99%         6
 Summon Hydra             Summ           6%         N/A       100%        7
 Chain Lightning          Conj/Air       9%         3d12      100%        9
 Fire Storm               Conj/Fire      10%        8d3       100%        9
 Shatter                  Erth           4%         3d7*      100%        9


Dungeon Overview and Level Annotations

Branches:
Dungeon (5/15)
 Temple: D:4-7

Altars:
Cheibriados
Gozag
Kikubaaqudgha
Vehumet
Wu Jian
Zin

Shops:
D:5 [


Message History

The orc wizard barely misses the orc.
The orc wizard hits itself with a +0 dagger.
You slash the orc wizard! You drain the orc wizard.
You feel a bit better.
You kill the orc wizard!
Vehumet accepts your kill.
You can now gain magical power from killing.
Vehumet offers you knowledge of Freeze.
The orc priest invokes the aid of Beogh against you.
Beogh smites you!
Your Transmutations skill increases to level 1!
Casting: Conjure Flame (dangerous; 4% risk of failure)
Confirm with . or Enter, or press ? or * to list all spells.
Aiming: Mephitic Cloud (dangerous; 6% risk of failure)
Press: ? - help, Shift-Dir - straight line, f - orc
Aim: an orc, wielding a +0 short sword (chance to affect: 96%) That beam is likely to hit you.
Continue anyway?
The ball explodes into a vile cloud!
The stinking cloud engulfs the orc but does no damage.
The stinking cloud engulfs you but does no damage.
The stinking cloud engulfs the orc but does no damage.
The orc is heavily wounded.
You are engulfed in noxious fumes.
You choke on the stench!
You are confused.
The orc is engulfed in noxious fumes.
The orc appears confused.
The orc is engulfed in noxious fumes.
The orc appears confused.
The orc barely misses the orc.
Unknown command.
Unknown command.
You are engulfed in blazing flames.
You resist.
* * * LOW HITPOINT WARNING * * *
The orc is engulfed in noxious fumes.
The orc appears confused.
The orc hits you but does no damage.
The orc is engulfed in noxious fumes.
The orc appears confused.
You kill the orc!
Vehumet accepts your kill.
The orc priest looks braver for a moment.
You hit the orc but do no damage. You drain the orc.
The orc is almost dead.
You are engulfed in blazing flames.
You resist.
You die...

#...[.............#.#.
#.....................
#...######..###.##..##
##########..###.##..##
#.....................
#............)........
#...........)..)......
#$....##.....##...<..#
#...>@#########......#
#....○o☼oZ...#........
#.....##o....#........
#.....# ....#........
#.....# ..#######'##
#.....# .# #..#
#...... .# #...
#...... + #... #######
####


You could see an orc priest, 2 orcs and a hornet zombie.

Vanquished Creatures
  A black bear (D:5)
  A sky beast (D:5)
  A scorpion (D:4)
  A jelly (D:5)
  A bullfrog zombie (D:5)
  2 hounds (D:5)
  A scorpion zombie (D:5)
  Terence (D:1)
  2 orc wizards
  4 gnolls
  2 adders
  A white imp (D:5)
  An ufetubus (D:5)
  2 dart slugs
  A worm (D:2)
  6 orcs
  5 ball pythons
  4 bats
  12 endoplasms
  4 giant cockroaches
  7 goblins
  8 hobgoblins
  4 jackals (D:5)
  7 kobolds
  3 quokkas
  2 frilled lizards (D:1)
  9 rats
93 creatures vanquished.

Vanquished Creatures (collateral kills)
  A gnoll (D:2)
1 creature vanquished.

Grand Total: 94 creatures vanquished

Notes
Turn   | Place    | Note
-------+----------+-------------------------------------------
     0 | D:1      | pokeman the Deep Elf Hedge Wizard began the quest for the
                  | Orb.
     0 | D:1      | Reached XP level 1. HP: 10/10 MP: 7/7
   342 | D:1      | Reached XP level 2. HP: 16/16 MP: 7/9
   513 | D:1      | Reached skill level 5 in Spellcasting
   726 | D:1      | Reached XP level 3. HP: 20/20 MP: 8/11
   730 | D:1      | Learned a level 3 spell: Mephitic Cloud
   733 | D:1      | Learned a level 2 spell: Call Imp
   736 | D:1      | Learned a level 2 spell: Blink
   740 | D:1      | Learned a level 3 spell: Conjure Flame
  1446 | D:2      | Reached skill level 1 in Armour
  1478 | D:2      | Reached skill level 1 in Fighting
  1699 | D:2      | Noticed Terence
  1757 | D:1      | Killed Terence
  1758 | D:1      | Reached XP level 4. HP: 14/25 MP: 1/13
  2609 | D:2      | Reached skill level 6 in Spellcasting
  2615 | D:2      | Reached XP level 5. HP: 26/29 MP: 4/15
  3423 | D:3      | Found a radiant altar of Vehumet.
  3439 | D:3      | Became a worshipper of Vehumet
  3442 | D:3      | Upgraded the game from 0.28-a0-1235-g7c8fac35f0 to
                  | 0.28-a0-1286-g6bde065e89
  3648 | D:3      | Found a faded altar of an unknown god.
  4122 | D:4      | Reached skill level 1 in Shields
  4174 | D:4      | Reached skill level 1 in Fire Magic
  4288 | D:4      | Found an ancient bone altar of Kikubaaqudgha.
  4290 | D:4      | Found a glowing silver altar of Zin.
  4292 | D:4      | Found an opulent altar of Gozag.
  4294 | D:4      | Found a snail-covered altar of Cheibriados.
  4295 | D:4      | Found an ornate altar of the Wu Jian Council.
  4787 | D:5      | Entered Level 5 of the Dungeon
  5098 | D:5      | Reached XP level 6. HP: 34/34 MP: 11/17
  5270 | D:5      | Reached skill level 1 in Air Magic
  5326 | D:5      | Noticed a sky beast
  5331 | D:5      | Identified the +0 ring mail of Elitism {rElec Regen+ MP-9
                  | Dex+3}
  5380 | D:5      | HP: 1/34 [something (5)]
  5541 | D:5      | Killed a sky beast
  5542 | D:5      | Reached skill level 7 in Spellcasting
  5550 | D:5      | Reached skill level 1 in Poison Magic
  5550 | D:5      | Reached skill level 1 in Evocations
  5840 | D:5      | Found Penexaf's Armour Emporium.
  5965 | D:5      | Reached XP level 7. HP: 37/38 MP: 12/20
  6017 | D:5      | Learned a level 2 spell: Wereblood
  6309 | D:5      | Reached * piety under Vehumet
  6309 | D:5      | Offered knowledge of Freeze by Vehumet.
  6310 | D:5      | Reached skill level 1 in Transmutations
  6313 | D:5      | Engulfed by a cloud of flame

Illustrated notes

Levels and vault maps discovered:
D:1:      noname_arrival_rooms_in_the_neighbourhood, layout_basic,
          minmay_misc_feat_four_crosses
D:2:      layout_basic, minmay_misc_feat_plants, minmay_pentomino_z4,
          uniq_terence
D:3:      layout_loops_ring, fiery_altar_vehumet,
          dilly_ecumenical_altar_fadedgnrine, kennysheep_donut
D:4:      layout_loops_ring, grunt_temple_overflow_open
D:5:      layout_gridville, serial_shops, shop, corner_web_ring

Skill      XL: |  1  2  3  4  5  6  7 |
---------------+----------------------+-----
Spellcasting   | 5 6 7 |  7.8
Armour         | 1 |  1.1
Fighting       | 1 |  1.4
Conjurations   | 2 3 |  3.9
Dodging        | 3 |  3.0
Shields        | 1 |  1.1
Fire Magic     | 1 |  1.6
Stealth        | 3 |  3.0
Air Magic      | 1 |  1.0
Poison Magic   | 1 |  1.0
Evocations     | 1 |  1.0
Transmutations | 1 |  1.0
Summonings     | |  1.1
Translocations | |  1.1

Action                   |  1- 3 |  4- 6 |  7- 9 || total
-------------------------+-------+-------+-------++-------
Melee: Mace              |     5 |    27 |       ||    32
       War axe           |       |    14 |    11 ||    25
 Cast: Magic Dart        |    74 |   142 |     3 ||   219
       Call Imp          |     3 |     2 |       ||     5
       Mephitic Cloud    |     1 |     5 |     3 ||     9
       Conjure Flame     |     1 |     6 |     1 ||     8
       Blink             |     1 |     5 |     1 ||     7
       Wereblood         |       |       |     2 ||     2
 Stab: Confused          |     1 |     3 |       ||     4
       Sleeping          |       |     1 |       ||     1
Armor: Leather armour    |     1 |    20 |     9 ||    30
Dodge: Dodged            |    12 |    51 |    14 ||    77

Table legend: (Time is in decaauts)
 A = Elapsed time spent in this place.
 B = Non-inter-level travel time spent in this place.
 C = Inter-level travel time spent in this place.
 D = Time resting spent in this place.
 E = Time spent auto-exploring this place.
 F = Levels seen in this place.
 G = Mean time per level.
                   A        B        C        D        E       F      G
               +--------+--------+--------+--------+--------+-----+--------+
         Total |   6337 |   6183 |    154 |    586 |   4739 |   5 | 1267.4 |
       Dungeon |   6337 |   6183 |    154 |    586 |   4739 |   5 | 1267.4 |
               +--------+--------+--------+--------+--------+-----+--------+

Top non-repeatable levels by time:
     D:1: 1761 daAuts
     D:5: 1331 daAuts
     D:2: 1247 daAuts
     D:4: 1045 daAuts
     D:3: 951 daAuts
